 Dungeon Sprint DCSS version 0.19.1 (webtiles) character file.

803 Kikal the Nimble (level 7, 0/70 HPs)
             Began as a Merfolk Transmuter on Dec 2, 2016.
             Succumbed to Sonja's poison
             ... in the Dungeon (Sprint I: "Red Sonja").
             The game lasted 00:06:17 (710 turns).

Kikal the Nimble (Merfolk Transmuter)                Turns: 710, Time: 00:06:17

Health: 0/70       AC:  6    Str: 11    XL:     7   Next: 91%
Magic:  9/18       EV: 16    Int: 13    God:
Gold:   177        SH:  0    Dex: 15    Spells: 4 memorised, 11 levels left

rFire  x . .     SeeInvis .       - Unarmed
rCold  + + +     Gourm    .     (armour currently unavailable)
rNeg   . . .     Faith    .     (shield currently unavailable)
rPois  +         Spirit   .     (helmet currently unavailable)
rElec  .         Reflect  .     (cloak currently unavailable)
rCorr  .         Harm     .     (gloves currently unavailable)
MR     .....     NoTele   +     (boots currently unavailable)
Stlth  +.........               (no amulet)
                                (no ring)
                                (no ring)

@: lethally poisoned (0 -> -2), exhausted, ice-form, slowed, very slow
A: (change form in water), (swift swim), (stealthy swim)
a: End Transformation


You were in the Dungeon.
You were not hungry.
You were a creature of crystalline ice.
You visited 1 branch You collected 177 gold pieces.

Inventory:

Missiles
 a - 8 arrows
 l - 24 stones (quivered)
Armour
 b - a +0 robe (melded)
Scrolls
 j - a scroll of blinking
Potions
 g - a potion of haste
 h - 2 potions of magic
Books
 c - a book of Changes

   Spells                             Type                      Level
   a - Beastly Appendage              Transmutation                1
   b - Sticks to Snakes               Transmutation                2
   c - Spider Form                    Transmutation/Poison         3
   d - Ice Form                       Ice/Transmutation            4
   e - Blade Hands                    Transmutation                5
Comestibles
 d - a bread ration


   Skills:
 - Level 6.5 Fighting
 + Level 9.5 Dodging
 - Level 8.3 Unarmed Combat
 + Level 7.5 Spellcasting
 - Level 8.1 Transmutations
 + Level 7.5 Ice Magic
 - Level 2.4 Poison Magic


You had 11 spell levels left.
You knew the following spells:

 Your Spells              Type           Power        Failure   Level  Hunger
a - Beastly Appendage     Tmut           ####..       1%          1    None
b - Sticks to Snakes      Tmut           ####....     1%          2    #......
c - Spider Form           Tmut/Pois      ###.......   6%          3    ##.....
d - Ice Form              Ice/Tmut       ####....     8%          4    ####...


Dungeon Overview and Level Annotations

Branches:
Dungeon (1/1)

Altars:
Sif Muna
Vehumet


Message History

You feel sick.
You take 1 damage, and have 4/70 hp.
* * * LOW HITPOINT WARNING * * *
You feel sick.
You take 1 damage, and have 3/70 hp.
* * * LOW HITPOINT WARNING * * *
You feel sick.
* * * LOW HITPOINT WARNING * * *
You feel sick.
You take 1 damage, and have 2/70 hp.
* * * LOW HITPOINT WARNING * * *
You feel sick.
You take 1 damage, and have 1/70 hp.
Okay, then.
Okay, then.
There is a lethal amount of poison in your body!
There is a lethal amount of poison in your body!
There is a lethal amount of poison in your body!
There is a lethal amount of poison in your body!
You die...

#<.#..'..#..'..#
#..'))#..').#..+
#..#####'#####'#
#..# #..# #.#
#..# #### ##.#
#..# #+#..+ #⌠⌠#
+.(._# ####
#_(#'# ##Y#[#
##.### +$.(+
#$.$# ##(## #+#


There were no monsters in sight!

Vanquished Creatures
  Sonja (D)
  Sigmund (D)
  An ogre (D)
  A jelly (D)
  Ijyb (D)
5 creatures vanquished.

Notes
Turn   | Place    | Note
-------+----------+-------------------------------------------
     0 | D        | Kikal the Merfolk Transmuter began the quest for the Orb.
     0 | D        | Reached XP level 1. HP: 15/15 MP: 3/3
     2 | D        | Noticed Ijyb
    16 | D        | Killed Ijyb
    16 | D        | Reached skill level 5 in Unarmed Combat
    16 | D        | Reached skill level 5 in Transmutations
    16 | D        | Reached XP level 2. HP: 9/21 MP: 3/5
    16 | D        | Reached XP level 3. HP: 11/26 MP: 3/6
   198 | D        | Learned a level 2 spell: Sticks to Snakes
   202 | D        | Learned a level 3 spell: Spider Form
   204 | D        | Noticed an ogre
   222 | D        | Killed an ogre
   222 | D        | Reached XP level 4. HP: 11/32 MP: 3/9
   434 | D        | Learned a level 4 spell: Ice Form
   439 | D        | Noticed Sigmund
   447 | D        | Killed Sigmund
   447 | D        | Reached XP level 5. HP: 47/47 MP: 6/10
   510 | D        | Found a deep blue altar of Sif Muna.
   512 | D        | Found a radiant altar of Vehumet.
   518 | D        | Reached skill level 3 in Dodging
   518 | D        | Reached skill level 1 in Ice Magic
   518 | D        | Reached XP level 6. HP: 28/53 MP: 9/12
   673 | D        | Noticed Sonja
   692 | D        | Killed Sonja
   692 | D        | Reached skill level 9 in Dodging
   692 | D        | Reached XP level 7. HP: 24/59 MP: 5/18
   706 | D        | HP: 3/70 [poisoned by Sonja]
   709 | D        | HP: 1/70 [poisoned by Sonja]
   710 | D        | Succumbed to Sonja's poison

Skill      XL: |  1  2  3  4  5  6 |
---------------+-------------------+-----
Unarmed Combat | 5 6 8 |  8.3
Transmutations | 5 8 |  8.1
Spellcasting   | 3 4 7 |  7.5
Poison Magic   | 2 |  2.4
Fighting       | 6 |  6.5
Dodging        | 3 9 |  9.5
Ice Magic      | 1 7 |  7.5

Action                   |  1- 3 |  4- 6 |  7- 9 || total
-------------------------+-------+-------+-------++-------
Melee: Unarmed           |    16 |    15 |       ||    31
       Headbutt          |     3 |     1 |       ||     4
       Punch             |       |     1 |       ||     1
 Cast: Beastly Appendage |     1 |     1 |       ||     2
       Sticks to Snakes  |     2 |     1 |       ||     3
       Spider Form       |       |     2 |       ||     2
       Ice Form          |       |     1 |       ||     1
 Abil: End Transformatio |       |     1 |       ||     1
  Use: Potion            |       |     2 |     1 ||     3
Armor: Robe              |     1 |     2 |       ||     3
       Skin              |       |     2 |       ||     2
Dodge: Dodged            |     7 |    29 |       ||    36
